Map: Flashback LE

Players

K.I.-5 (Hart)

  • Race: Terran Terran
  • Spawn Location: 7:00

K.I.-4 (Hart)

  • Race: Terran Terran
  • Spawn Location: 7:00

K.I.-3 (Schwer)

  • Race: Protoss Protoss
  • Spawn Location: 7:00

TheosRee - Winner!

  • Race: Zerg Zerg
  • Spawn Location: 9:00

ShadowLord - Winner!

  • Race: Zerg Zerg
  • Spawn Location: 11:00

KingofKill - Winner!

  • Race: Protoss Protoss
  • League: Gold
  • Spawn Location: 11:00

VOD

Have the link to the VOD?

Description

Time

  • Played on: Dec. 11, 2020, 2:40 p.m.
  • Length: 45:14
Show
View Real Time Build Order
Export as new Build Order

K.I.-5 (Hart) Terran 

Build Orders:  

Get SALT Encoding   

  12  0:01  SCV  
  13  0:13  SCV  
  14  0:20  Supply Depot  
  14  0:25  SCV  
  15  0:41  SCV  
  16  0:44  Barracks  
  16  0:50  Refinery  
  16  0:54  SCV  
  17  1:06  SCV  
  18  1:18  SCV  
  19  1:21  Supply Depot  
  19  1:30  SCV  
  19  1:32  Marine  
  21  1:40  Barracks  
  21  1:43  Orbital Command  
  21  1:49  Refinery  
  21  1:51  Barracks Tech Lab  
  21  2:04  Factory  
  21  2:09  Marine  
  22  2:21  Supply Depot  
  22  2:27  Marine x2  
  24  2:45  Marine x2  
  24  2:50  Hellion  
  28  2:55  Supply Depot  
  28  3:03  Marine x2  
  30  3:12  Hellion  
  32  3:20  Marine  
  33  3:27  Supply Depot  
  33  3:28  SCV  
  33  3:33  Hellion  
  36  3:40  SCV  
  36  3:41  Engineering Bay  
  37  3:52  SCV  
  37  3:54  Hellion  
  40  4:05  SCV  
  41  4:16  Hellion  
  44  4:17  SCV  
  44  4:29  SCV  
  45  4:37  Hellion  
  47  4:59  Barracks Tech Lab  
  47  5:00  Marauder  
  47  5:01  Factory Tech Lab, Factory  
  47  5:05  Starport  
  49  5:08  Stimpack  
  49  5:09  Starport  
  49  5:11  Supply Depot  
  49  5:17  Combat Shield  
  49  5:19  Siege Tank  
  49  5:20  Terran Infantry Weapons Level 1  
  52  5:36  Supply Depot  
  52  5:39  Marauder  
  54  5:43  Starport Tech Lab  
  54  5:45  Factory Tech Lab  
  54  5:47  Starport Tech Lab  
  50  5:52  Widow Mine  
  50  5:57  Marine  
  43  6:05  Command Center  
  43  6:06  Siege Tank  
  45  6:15  Widow Mine  
  47  6:23  Marine  
  48  6:31  Viking  
  50  6:40  Banshee  
  51  6:48  Marine  
  52  6:57  Marine  
  52  6:58  Missile Turret  
  52  7:06  Banshee  
  54  7:11  Missile Turret  
  54  7:14  Marine  
  54  7:15  Terran Infantry Armor Level 1  
  55  7:17  SCV  
  55  7:18  SCV  
  57  7:23  Marine, Raven  
  57  7:28  Refinery  
  57  7:29  SCV  
  61  7:30  SCV  
  62  7:38  Missile Turret  
  62  7:41  SCV  
  62  7:43  SCV  
  64  7:45  Bunker  
  64  7:50  Raven  
  66  7:53  SCV  
  66  7:56  Missile Turret  
  66  7:57  SCV  
  68  8:05  SCV  
  69  8:09  SCV  
  70  8:15  Sensor Tower  
  70  8:17  SCV  
  71  8:21  SCV  
  71  8:27  Bunker  
  71  8:29  SCV  
  71  8:33  SCV  
  73  8:35  Armory  
  73  8:41  SCV  
  73  8:45  SCV, Barracks  
  75  8:54  SCV  
  76  9:11  Hellion, Factory  
  76  9:14  Starport  
  78  9:22  Command Center  
  78  9:34  Barracks Reactor, Supply Depot  
  78  9:38  Siege Tank  
  81  9:43  Siege Tank  
  84  9:47  Medivac  
  84  9:52  Starport Reactor  
  83  9:54  Factory Tech Lab  
  83  9:55  Medivac  
  76  10:00  Refinery  
  76  10:14  Marine  
  76  10:19  Marine  
  76  10:20  Raven  
  80  10:23  Marine, Supply Depot  
  80  10:27  Marine  
  82  10:32  Marine  
  83  10:36  Marine  
  83  10:41  Hellion, Raven  
  88  10:43  Refinery  
  88  10:45  Hellion  
  88  10:47  Refinery  
  88  10:49  Marine  
  90  10:50  Medivac  
  90  10:54  Marine  
  90  10:59  Hellion  
  92  11:05  SCV  
  92  11:07  SCV  
  92  11:08  Raven  
  92  11:09  SCV  
  97  11:17  Siege Tank  
  97  11:18  SCV  
  101  11:20  SCV  
  101  11:21  SCV  
  98  11:26  Siege Tank  
  98  11:30  SCV  
  98  11:31  Marine  
  98  11:32  SCV  
  101  11:36  Marine  
  101  11:37  SCV, Supply Depot  
  100  11:40  Marine  
  100  11:42  SCV  
  100  11:44  SCV  
  100  11:45  Marine  
  104  11:49  Siege Tank, SCV  
  104  11:54  Siege Tank, SCV  
  112  11:56  SCV  
  112  11:58  Siege Tank  
  112  11:59  Terran Infantry Weapons Level 2  
  112  12:01  SCV, Supply Depot  
  117  12:06  SCV  
  118  12:08  SCV  
  118  12:13  SCV  
  120  12:16  Infernal Pre-Igniter  
  120  12:23  Terran Vehicle Weapons Level 1  
  120  12:24  Missile Turret  
  120  12:26  Missile Turret  
  120  12:28  Supply Depot  
  120  12:39  Engineering Bay  
  120  12:41  Ghost Academy  
  120  12:47  Bunker  
  120  12:51  Fusion Core  
  120  12:56  Marine  
  120  12:58  Marine, Marauder  
  124  12:59  Armory, Marauder  
  124  13:01  Supply Depot  
  126  13:07  Terran Infantry Armor Level 2  
  126  13:14  Marine  
  126  13:15  Marine  
  126  13:18  Marine  
  129  13:20  Ghost  
  131  13:29  Supply Depot  
  131  13:32  Marine  
  131  13:33  Marine  
  133  13:37  Marauder  
  135  13:44  Medivac  
  135  13:45  Raven  
  135  13:46  Raven  
  135  13:49  Marine  
  135  13:50  Marine  
  135  13:51  Marine  
  135  13:52  Medivac  
  135  13:54  Supply Depot  
  136  13:58  Marine  
  137  14:06  Marine  
  137  14:08  Marine  
  137  14:09  Marine  
  140  14:16  Marauder  
  142  14:20  Supply Depot  
  142  14:25  Marauder  
  142  14:26  Marine  
  142  14:27  Marine  
  142  14:28  Raven  
  148  14:36  Ghost  
  150  14:43  Marine  
  150  14:44  Marine  
  146  14:46  Marauder, Supply Depot  
  146  14:47  Command Center  
  129  15:01  Marine  
  129  15:02  Marine  
  129  15:06  Marauder  
  133  15:08  Marauder  
  135  15:19  Marine  
  135  15:20  Marine  
  137  15:27  Marine  
  138  15:29  Marauder  
  140  15:37  Marine  
  140  15:38  Marine  
  142  15:44  Marine  
  143  15:50  Marine  
  143  15:51  Terran Infantry Weapons Level 3  
  143  15:52  Terran Infantry Armor Level 3  
  143  15:53  Concussive Shells  
  143  15:54  Terran Vehicle Weapons Level 2  
  143  15:55  Marine  
  143  15:56  Marine  
  146  15:59  Terran Vehicle And Ship Armor Level 1  
  146  16:20  Refinery  
  146  16:25  Missile Turret  
  146  16:30  Missile Turret, Marauder  
  146  16:32  Refinery  
  148  16:49  Raven  
  148  16:51  Bunker  
  146  16:56  Raven  
  146  17:25  Rapid Reignition System  
  146  17:32  Raven  
  148  17:53  Terran Ship Weapons Level 1  
  148  18:03  Raven  
  148  18:09  Terran Vehicle And Ship Armor Level 2  
  148  18:28  Neosteel Armor  
  148  18:29  Hi-Sec Auto Tracking  
  148  18:34  Raven  
  148  18:44  Command Center  
  148  18:58  Liberator  
  151  19:03  Battlecruiser  
  151  19:08  Supply Depot, Liberator  
  158  19:17  Widow Mine, Battlecruiser  
  162  19:41  Liberator  
  162  19:42  Widow Mine  
  142  19:50  Marine, Liberator  
  142  19:51  Terran Ship Weapons Level 2  
  128  19:54  Marine  
  128  19:59  Marine  
  118  20:03  Marine, Refinery  
  103  20:07  Missile Turret, Medivac  
  103  20:08  Marine  
  103  20:11  Missile Turret  
  103  20:13  Refinery  
  100  20:16  Marine, Missile Turret  
  100  20:17  Marauder  
  172  20:21  Medivac  
  103  20:24  Medivac  
  103  20:25  Marine  
  103  20:26  Marine  
  109  20:28  Weapon Refit  
  109  20:31  Siege Tank  
  109  20:34  Bunker  
  112  20:37  Raven  
  112  20:38  Marauder  
  116  20:44  Marauder  
  116  20:49  Terran Vehicle Weapons Level 3  
  118  20:51  Battlecruiser  
  124  21:00  SCV, Marauder  
  124  21:01  Missile Turret  
  124  21:03  SCV  
  124  21:04  SCV x2  
  124  21:07  Missile Turret  
  125  21:12  SCV  
  125  21:16  SCV x2  
  125  21:17  SCV  
  118  21:20  Raven  
  118  21:24  SCV  
  120  21:27  Marine  
  120  21:28  SCV x2  
  120  21:29  SCV  
  120  21:32  Marine  
  115  21:36  SCV, Liberator  
  112  21:40  SCV  
  112  21:41  Marine  
  112  21:42  SCV  
  112  21:43  SCV  
  112  21:46  Marine  
  112  21:48  SCV  
  112  21:50  Marine  
  112  21:52  SCV  
  115  21:55  Widow Mine, Raven  
  115  21:56  Command Center  
  115  21:59  Marine  
  120  22:02  Refinery  
  120  22:04  Widow Mine  
  120  22:07  Terran Vehicle And Ship Armor Level 3  
  120  22:08  Advanced Ballistics, Liberator  
  122  22:13  Liberator  
  128  22:38  Battlecruiser  
  134  22:56  Banshee  
  139  22:58  Hellion  
  139  23:01  Hellion  
  139  23:04  Siege Tank  
  144  23:08  Marine  
  144  23:11  Marine  
  146  23:14  Marine  
  146  23:15  Bunker  
  146  23:17  Marine  
  148  23:26  Marine, Terran Ship Weapons Level 3  
  146  23:27  Hellion  
  146  23:29  Marine  
  146  23:31  Hellion  
  149  23:36  Siege Tank  
  149  23:40  Marine  
  142  23:42  Marine  
  142  23:43  Raven  
  134  23:48  Siege Tank  
  134  23:52  Siege Tank  
  134  23:54  Raven  
  136  24:00  Medivac  
  132  24:05  Medivac  
  132  24:08  Thor  
  140  24:20  Siege Tank  
  146  24:24  Siege Tank  
  146  24:26  Medivac  
  148  24:37  Raven  
  150  24:51  Siege Tank  
  156  24:52  Siege Tank  
  156  25:31  Command Center  
  156  25:32  Marine  
  137  25:35  Marine  
  137  25:36  Medivac  
  137  25:39  Marine  
  137  25:41  Medivac  
  137  25:42  Marine  
  113  25:50  Marine  
  113  25:51  Hellion  
  113  25:53  Marine  
  113  25:54  Viking, Hellion  
  113  25:55  Viking  
  115  25:58  Marine  
  115  26:02  Hellion  
  115  26:06  Medivac  
  115  26:11  Viking  
  119  26:12  Siege Tank  
  119  26:15  Siege Tank  
  119  26:17  Marine  
  126  26:23  Hellion  
  128  26:45  Siege Tank, Thor  
  137  26:47  Siege Tank  
  139  27:17  Siege Tank  
  139  27:19  Siege Tank  
  145  27:28  Siege Tank  
  148  27:36  Marine  
  146  27:39  Marine  
  146  27:42  Marine  
  146  29:51  Ghost, Marauder  
  146  29:52  Marine x2  
  152  30:09  Marine  
  152  30:10  Marine  
  152  30:13  Marauder  
  156  30:20  Marine  
  157  30:21  Raven  
  157  30:24  Raven  
  157  30:25  Medivac  
  157  30:27  Marine x2  
  151  30:32  Medivac  
  151  30:33  Marine  
  112  30:37  Marine  
  113  30:45  Marine x2  
  115  30:51  Marine  
  115  30:56  Marauder  
  117  31:03  Marine x2  
  119  31:04  Raven  
  119  31:09  Marine  
  122  31:16  Ghost  
  124  31:21  Marine x2  
  126  31:27  Marine  
  127  31:38  Marine  
  127  31:39  Marine  
  129  31:45  Marine x2  
  131  31:56  Marine  
  131  31:57  Marine  
  133  32:02  Marine  
  133  32:03  Marine  
  135  32:14  Marine x2  
  137  32:21  Marauder x2  
  141  32:32  Marine  
  142  32:42  Marauder  
  142  32:43  Marauder  
  146  33:04  Hellion, Marauder x2  
  150  33:07  Hellion  
  150  33:10  Hellion  
  148  33:14  Missile Turret  
  134  33:25  Marauder  
  134  33:26  Hellion  
  129  33:29  Siege Tank  
  129  33:31  Siege Tank  
  127  35:51  Raven  
  127  35:52  Raven  
  120  37:09  Viking  
  120  37:10  Viking x3  
  120  37:11  SCV  
  120  37:12  SCV  
  120  37:13  SCV x2  
  120  37:15  Marine x2  
  117  37:16  Marine x2  
  99  37:23  SCV  
  96  37:32  Marine  
  96  37:33  Marine x2  
  96  37:34  Marine  
  100  37:40  Raven  
  102  37:50  Marine x2  
  104  37:51  Ghost  
  104  37:52  Marine  
  107  38:06  Hellion  
  107  38:07  Hellion, SCV  
  107  38:08  Marine x2, SCV x2  
  107  38:09  Marine  
  116  38:20  Marauder  
  116  38:26  Marine x2  
  116  38:28  Marauder  
  117  38:41  Marine  
  117  38:44  Marine x2  
  120  38:49  Marine  
  114  38:59  Marine  
  114  39:01  Marine  
  114  39:02  Marine  
  109  39:04  Medivac  
  109  39:06  Marine  
  103  39:17  Marine  
  103  39:19  Marine x2  
  106  39:24  Ghost  
  106  39:33  Raven  
  106  39:35  Marine  
  106  39:37  Marine x2  
  33  39:52  Marine  
  33  39:53  Marine, Medivac  
  33  39:55  Marine x2  
  28  40:10  Marine  
  28  40:11  Marauder  
  28  40:13  Marine x2  
  33  40:19  SCV  
  33  40:20  SCV  
  32  40:22  Viking x2  
  32  40:23  Viking x2  
  32  40:24  Hellion  
  32  40:25  Hellion x2, SCV x2  
  44  40:29  Marine  
  44  40:30  Marine  
  44  40:31  Marine, SCV  
  44  40:32  Marine  
  44  40:33  SCV  
  45  40:37  SCV  
  41  40:43  SCV  
  41  40:45  Hellion, SCV  
  41  40:46  Marine  
  41  40:48  Marine  
  41  40:49  Marine, SCV  
  49  40:50  Marauder  
  49  40:55  SCV  
  49  40:56  Hellion  
  48  40:57  SCV, Medivac  
  48  40:59  Medivac x2  
  48  41:01  SCV  
  48  41:02  Viking  
  41  41:06  Marine x2, Hellion  
  41  41:07  Missile Turret, Hellion  
  41  41:08  SCV  
  41  41:10  SCV  
  39  41:11  Marine  
  39  41:13  SCV  
  36  41:19  Hellion  
  36  41:20  SCV  
  36  41:22  SCV  
  36  41:24  Marine  
  36  41:25  SCV  
  38  41:26  Marine  
  38  41:27  Viking  
  38  41:29  Viking  
  38  41:32  SCV, Engineering Bay  
  40  41:34  SCV  
  40  41:35  Hellion x2  
  39  41:42  Marine, Factory Reactor  
  39  41:44  Marine, SCV  
  39  41:46  SCV  
  35  41:53  Missile Turret  
  31  41:56  Hellion, SCV  
  31  41:57  Viking  
  31  41:58  SCV, Barracks  
  31  42:00  Marine  
  34  42:01  Marine  
  34  42:06  Barracks  
  32  42:09  Factory  
  32  42:11  SCV x2  
  32  42:12  Viking  
  35  42:18  Marine, Hellion  
  35  42:19  Marine  
  38  42:23  SCV x2  
  38  42:29  Missile Turret  
  40  42:35  Orbital Command, Starport  
  40  42:36  Marine  
  39  42:37  Marine  
  40  42:44  Marine  
  40  42:52  Barracks Tech Lab  
  40  42:54  Marine  
  40  42:55  Marine  
  40  42:57  Factory Tech Lab  
  40  43:02  Marine, Hellion  
  40  43:03  SCV x2  
  45  43:11  Marine  
  45  43:12  Marine  
  43  43:13  Marine  
  43  43:15  Starport Tech Lab, SCV x2  
  43  43:16  Hellion  
  44  43:20  Marine  
  44  43:24  Hellion  
  29  43:27  SCV  
  29  43:29  Marine x2  
  29  43:30  Marine  
  24  43:37  Hellion  
  24  43:38  Viking, Marine  
  21  43:46  Viking  
  21  43:47  Marine  
  25  43:48  Marine  
  25  43:50  Marauder  
  25  43:55  Viking  
  25  43:57  Barracks Tech Lab  
  20  44:05  Marine  
  20  44:06  Marine  
  20  44:08  Hellion  
  20  44:09  SCV x2  
  26  44:15  Marine  
  23  44:21  SCV x2  
  23  44:23  Marine  
  21  44:24  Marine  
  21  44:30  Command Center  
  18  44:33  Marine, SCV x2  
  18  44:40  Barracks  
  17  44:45  SCV  
  17  44:51  Marine  
Show
View Real Time Build Order
Export as new Build Order

K.I.-4 (Hart) Terran 

Build Orders:  

Get SALT Encoding   

  12  0:01  SCV  
  13  0:13  SCV  
  14  0:18  Supply Depot  
  14  0:25  SCV  
  15  0:40  SCV  
  15  0:41  Barracks  
  16  0:49  Refinery  
  16  0:52  SCV  
  17  1:04  SCV  
  18  1:16  SCV  
  19  1:20  Supply Depot  
  19  1:28  Marine  
  19  1:29  SCV  
  21  1:40  Barracks  
  21  1:42  Orbital Command  
  21  1:45  Marine  
  22  1:48  Refinery  
  22  2:06  Marine, Supply Depot  
  23  2:25  Barracks Tech Lab  
  23  2:27  Marine  
  24  2:38  Supply Depot  
  24  2:44  Marine  
  24  2:45  Marine  
  26  3:02  Marine  
  26  3:04  Marauder  
  29  3:10  Supply Depot  
  29  3:20  Marine, SCV  
  29  3:25  Marauder  
  33  3:32  SCV, Engineering Bay  
  34  3:38  Marine  
  35  3:44  SCV  
  35  3:47  Marauder  
  38  3:56  Marine, SCV  
  38  4:00  Supply Depot  
  40  4:08  SCV, Marauder  
  43  4:21  SCV  
  44  4:29  Marauder  
  46  4:51  Marauder  
  48  5:12  Marauder  
  50  5:41  Barracks Tech Lab  
  50  5:42  Stimpack  
  50  5:43  Marine, Terran Infantry Weapons Level 1  
  50  5:44  Factory  
  50  5:46  Ghost Academy  
  50  5:49  Factory  
  51  5:52  Command Center, Supply Depot  
  51  5:59  Concussive Shells  
  51  6:00  Marine  
  51  6:01  Marine  
  53  6:18  Marine  
  53  6:19  Marine  
  53  6:20  Missile Turret  
  53  6:25  Missile Turret  
  55  6:28  Factory Tech Lab  
  55  6:31  Starport  
  55  6:36  Marine, Ghost  
  55  6:39  Starport  
  58  6:40  Factory Tech Lab  
  58  6:41  Combat Shield  
  58  6:48  Bunker  
  58  6:54  Ghost  
  52  7:02  Barracks  
  52  7:05  Marine, SCV  
  52  7:06  SCV  
  54  7:12  Starport Tech Lab, Refinery  
  52  7:17  SCV  
  52  7:18  Starport Tech Lab, SCV, Refinery  
  52  7:22  Marine  
  52  7:23  Marine  
  52  7:29  SCV  
  55  7:33  SCV, Raven  
  58  7:37  Terran Infantry Armor Level 1  
  58  7:41  Marine, SCV, Marauder  
  58  7:42  Raven  
  64  7:45  SCV  
  64  7:49  Marine  
  66  7:53  SCV  
  66  7:58  Marine, SCV  
  61  8:02  Marine  
  59  8:06  SCV  
  59  8:07  Marine  
  59  8:10  SCV  
  62  8:16  Marine  
  62  8:18  SCV  
  64  8:20  Marauder  
  64  8:22  SCV  
  64  8:25  Marine  
  68  8:30  SCV  
  69  8:34  SCV  
  69  8:35  Marauder  
  72  8:41  Marauder  
  72  8:42  Missile Turret, SCV  
  72  8:46  SCV, Supply Depot  
  76  8:54  SCV  
  76  8:55  Missile Turret  
  77  8:56  Marauder  
  77  9:00  Sensor Tower  
  81  9:03  Marauder  
  81  9:11  Barracks Reactor, Armory  
  81  9:16  Bunker  
  81  9:35  SCV  
  81  10:04  Medivac, Banshee  
  86  10:09  Factory  
  86  10:11  Supply Depot  
  86  10:15  Starport  
  86  10:27  Terran Infantry Weapons Level 2  
  86  10:28  Siege Tank  
  86  10:29  Command Center  
  86  10:33  Cyclone  
  86  10:34  Medivac  
  94  10:35  Supply Depot  
  94  10:47  Medivac  
  96  10:51  Starport Reactor  
  96  10:52  Factory Tech Lab, Terran Vehicle Weapons Level 1  
  96  10:56  Marine  
  89  10:59  Marine, Engineering Bay  
  89  11:02  Marine  
  89  11:03  Raven  
  89  11:05  Marine  
  90  11:14  Marine  
  90  11:17  Marine  
  90  11:18  Banshee  
  95  11:20  Marine  
  95  11:23  Marine  
  89  11:27  Terran Infantry Armor Level 2  
  89  11:32  Marine  
  80  11:35  Marine  
  80  11:38  Marine, Fusion Core  
  78  11:41  Marine  
  78  11:44  SCV  
  78  11:46  SCV  
  81  11:48  SCV  
  81  11:49  Marine  
  81  11:50  Raven  
  81  11:53  Marine  
  86  11:56  Marine, SCV  
  86  11:58  SCV  
  86  11:59  Marauder  
  86  12:00  SCV  
  92  12:02  Refinery  
  92  12:05  Missile Turret  
  92  12:07  Marine  
  92  12:08  SCV  
  94  12:10  Missile Turret, SCV  
  94  12:13  SCV  
  94  12:14  Marauder  
  98  12:17  Armory  
  98  12:20  SCV  
  98  12:21  Marauder  
  98  12:22  SCV  
  102  12:25  SCV  
  103  12:32  SCV, Bunker  
  103  12:34  SCV  
  103  12:35  Marauder  
  108  12:37  SCV  
  108  12:47  Terran Vehicle And Ship Armor Level 1  
  108  12:52  Refinery  
  108  13:03  Terran Ship Weapons Level 1  
  108  13:30  Ghost  
  108  13:33  Supply Depot, Thor  
  116  13:35  Ghost  
  116  13:37  Terran Infantry Weapons Level 3  
  116  13:39  Siege Tank  
  121  13:42  Cyclone  
  124  13:52  Terran Infantry Armor Level 3  
  124  13:58  Supply Depot  
  124  14:03  Command Center  
  108  14:11  Thor  
  108  14:12  Marine, Raven  
  108  14:14  Cyclone  
  108  14:15  Marine  
  105  14:18  Marine  
  105  14:21  Marine  
  91  14:25  Raven  
  91  14:30  Marine  
  94  14:33  Marine  
  94  14:36  Marine  
  94  14:38  Medivac  
  98  14:39  Marine  
  98  14:44  Medivac  
  101  14:48  Marine  
  101  14:51  Marine  
  103  14:54  Marine  
  103  14:55  Medivac  
  103  14:57  Marauder  
  108  15:06  Marine  
  109  15:08  Raven  
  109  15:12  Siege Tank, Marauder  
  116  15:19  Marauder  
  118  15:24  Banshee  
  118  15:28  Refinery  
  121  15:33  Missile Turret  
  121  15:34  Marauder  
  123  15:37  Terran Vehicle Weapons Level 2  
  123  15:40  Missile Turret  
  123  15:43  Refinery  
  123  15:51  Banshee  
  126  16:03  Bunker  
  126  16:06  Terran Vehicle And Ship Armor Level 2  
  126  16:24  Marine  
  125  16:28  Marine  
  125  16:31  Marine  
  112  16:34  Cyclone  
  112  16:37  Marine  
  85  16:42  Marine  
  85  16:45  Marine  
  79  16:47  Raven  
  79  16:48  Marine  
  79  16:52  Thor  
  86  16:54  Marine  
  86  17:00  Marine  
  88  17:01  Hellion  
  88  17:02  Raven  
  88  17:03  Marine  
  88  17:06  Siege Tank  
  88  17:07  Marine  
  97  17:12  Marine  
  98  17:18  Marine  
  98  17:21  Marine  
  100  17:23  Hellion  
  100  17:25  Marine  
  100  17:26  SCV  
  100  17:27  SCV x2  
  100  17:28  SCV  
  100  17:29  Medivac  
  93  17:30  Marine  
  93  17:34  Medivac  
  93  17:35  Hellion, Medivac  
  97  17:38  Hellion  
  97  17:39  SCV x2  
  97  17:40  SCV  
  97  17:41  SCV  
  103  17:44  Siege Tank  
  103  17:45  Raven  
  103  17:51  SCV x2  
  109  17:53  SCV  
  109  17:54  SCV  
  109  17:57  Siege Tank  
  115  17:59  Siege Tank  
  115  18:03  SCV  
  115  18:05  SCV x2  
  121  18:06  SCV  
  122  18:15  SCV  
  122  18:16  Siege Tank  
  122  18:17  SCV  
  122  18:18  SCV  
  128  18:23  Supply Depot  
  128  18:29  Siege Tank  
  128  18:32  Siege Tank  
  134  18:42  Infernal Pre-Igniter  
  134  18:48  Siege Tank  
  134  18:50  Terran Vehicle Weapons Level 3  
  137  19:01  Siege Tank  
  140  19:04  Siege Tank  
  140  19:05  Marine  
  140  19:08  Marine  
  126  19:10  Terran Vehicle And Ship Armor Level 3  
  126  19:11  Marine  
  126  19:14  Marine  
  93  19:19  Raven  
  93  19:21  Hellion  
  93  19:23  Marine  
  93  19:24  Command Center  
  98  19:25  Medivac  
  98  19:26  Marine  
  98  19:29  Marine  
  102  19:31  Medivac  
  102  19:33  Hellion  
  102  19:36  Marine, Hellion  
  102  19:37  Medivac  
  111  19:41  Marine  
  111  19:44  Marine  
  113  19:47  Marine  
  116  19:52  Hellion  
  116  19:54  Marine  
  116  19:58  Marine, Siege Tank  
  121  20:01  Marine, Raven  
  121  20:05  Marine  
  125  20:10  Thor  
  125  20:11  Marine  
  129  20:21  SCV  
  129  20:23  Marauder  
  129  20:24  Marine  
  129  20:25  Marine  
  134  20:29  Marine  
  134  20:32  SCV  
  134  20:33  SCV  
  134  20:34  SCV x2  
  131  20:37  Supply Depot  
  131  20:42  Marine x2  
  129  20:44  Marine  
  129  20:45  SCV  
  129  20:46  SCV  
  129  20:48  SCV, Marauder  
  129  20:49  SCV  
  132  20:58  SCV  
  132  21:00  Marine x2  
  132  21:02  SCV x2, Marauder  
  132  21:03  SCV  
  136  21:08  Marine, Raven  
  136  21:11  SCV, Command Center  
  135  21:14  SCV  
  135  21:16  SCV  
  135  21:17  Marine, SCV  
  135  21:18  Marine  
  137  21:23  Marine  
  137  21:24  SCV  
  134  21:26  SCV, Raven  
  134  21:27  Marauder  
  134  21:32  Missile Turret  
  139  21:35  Marine, Missile Turret  
  139  21:36  Marine  
  139  21:38  Supply Depot  
  141  21:41  Marauder  
  141  21:43  Missile Turret  
  143  21:48  Marauder  
  143  21:53  Marine  
  143  21:54  Marine  
  147  22:02  Refinery  
  147  22:03  Marauder  
  149  22:09  Ghost  
  149  22:11  Marine  
  152  22:17  Bunker  
  152  22:22  Supply Depot  
  152  22:24  Marauder  
  152  22:25  Refinery  
  154  22:31  Missile Turret  
  154  22:34  Neosteel Armor  
  154  22:35  Hi-Sec Auto Tracking  
  154  22:36  Rapid Reignition System  
  154  22:37  Terran Ship Weapons Level 2  
  154  22:38  Marauder  
  156  22:45  Marauder  
  158  22:53  Bunker  
  158  22:59  Ghost  
  160  23:28  Cyclone  
  155  23:55  Marine  
  155  23:56  Marine x2  
  155  23:57  Marine  
  103  24:04  SCV  
  103  24:05  SCV x2  
  103  24:06  SCV x2  
  98  24:13  Marine  
  98  24:14  Marine x2  
  98  24:15  Marine  
  98  24:16  SCV  
  91  24:19  SCV, Raven  
  91  24:20  Siege Tank  
  91  24:21  SCV  
  91  24:22  SCV x2  
  91  24:24  Raven  
  86  24:25  Siege Tank  
  86  24:26  Medivac  
  86  24:28  Viking  
  86  24:29  Hellion  
  85  24:31  Marine  
  85  24:33  Marine, Marauder  
  85  24:35  Missile Turret  
  87  24:39  Missile Turret  
  79  24:47  SCV x2  
  79  24:48  SCV  
  79  24:49  Marine x2, Missile Turret  
  79  24:50  Marine  
  79  24:51  Hellion  
  84  24:53  Hellion  
  84  24:54  Marauder  
  84  24:56  Viking  
  84  24:58  SCV  
  92  25:00  SCV x2  
  92  25:01  SCV  
  92  25:04  Medivac, Raven  
  92  25:06  Marine  
  92  25:07  Marine, Medivac  
  99  25:08  Marine  
  99  25:12  SCV x2  
  99  25:13  Missile Turret  
  99  25:14  SCV x2  
  106  25:15  Marauder  
  109  25:24  SCV  
  109  25:25  Marine, Command Center, Marauder  
  109  25:26  Marine  
  109  25:27  SCV x2  
  109  25:28  SCV  
  117  25:29  Bunker  
  117  25:36  Marine, SCV  
  117  25:39  SCV  
  117  25:40  SCV x2  
  122  25:43  Marine, Refinery  
  122  25:44  Marine  
  122  25:46  Marine  
  125  25:55  Marauder  
  127  25:57  Terran Ship Weapons Level 3  
  127  25:58  Refinery  
  127  26:01  Marine  
  130  26:04  Marauder  
  130  26:06  SCV x2  
  130  26:07  SCV  
  133  26:30  Battlecruiser  
  139  26:38  Banshee  
  142  26:55  Bunker  
  142  27:22  Battlecruiser  
  147  27:34  Battlecruiser  
  150  28:21  Weapon Refit  
  150  28:25  Banshee  
  153  28:33  Viking, Marine  
  153  28:34  Marine x2  
  125  28:35  Marine  
  125  28:36  Medivac  
  125  28:39  Raven  
  89  29:03  Medivac  
  89  29:05  Medivac  
  89  29:08  Raven  
  95  29:22  Battlecruiser  
  101  29:33  Viking  
  103  29:51  Raven  
  105  30:00  Hellion  
  105  30:03  Siege Tank  
  105  30:06  Siege Tank  
  113  30:08  Marine  
  113  30:12  Marine  
  115  30:15  Marine  
  115  30:17  Marine  
  117  30:21  Hellion  
  117  30:26  Marine  
  120  30:29  Marine  
  120  30:32  Marine  
  122  30:35  Marine  
  122  30:39  Hellion  
  122  30:42  Hellion  
  127  30:44  Siege Tank  
  127  30:49  Battlecruiser  
  136  30:53  Marine  
  136  30:56  Marine  
  138  30:59  Marine  
  138  31:02  Marine  
  140  31:06  Siege Tank  
  140  31:09  Siege Tank  
  146  31:17  Siege Tank  
  148  31:38  Thor  
  154  31:41  Siege Tank  
  157  31:49  Siege Tank  
  160  32:13  Siege Tank  
  162  32:21  Siege Tank  
  148  32:40  Missile Turret  
  121  32:58  SCV  
  121  32:59  SCV x2  
  121  33:01  Missile Turret  
  121  33:02  SCV  
  118  33:06  Siege Tank  
  118  33:08  Marine  
  118  33:11  SCV  
  118  33:12  Marine  
  117  33:17  SCV  
  111  33:23  Siege Tank  
  111  33:27  Marauder  
  111  33:30  Marauder  
  111  33:33  Raven  
  108  33:34  Viking  
  108  33:36  Command Center  
  108  33:38  Widow Mine  
  108  33:40  Refinery  
  112  33:46  Viking  
  112  33:48  Marauder  
  114  33:50  Viking  
  114  33:54  Widow Mine  
  118  33:58  Thor  
  118  34:01  Marine  
  125  34:04  SCV  
  125  34:05  Marine, SCV x2  
  125  34:09  Marine  
  130  34:13  Marauder  
  132  34:21  Refinery  
  132  34:22  SCV  
  132  34:27  Marauder  
  134  34:34  Marauder  
  136  34:41  Missile Turret  
  137  34:45  SCV  
  137  34:46  SCV x2  
  139  34:53  Bunker  
  139  35:05  Bunker  
  139  35:12  SCV  
  139  35:38  Starport  
  138  35:50  SCV  
  138  35:51  SCV x2  
  138  35:52  SCV  
  142  35:57  Engineering Bay  
  142  36:02  SCV  
  143  36:53  SCV x2  
  143  36:54  SCV  
  135  37:01  Missile Turret  
  135  37:05  SCV x2  
  135  37:06  SCV  
  135  37:07  Sensor Tower  
  137  37:15  Armory  
  137  37:21  Supply Depot  
  136  37:23  Starport Tech Lab  
  133  37:40  Marine  
  133  37:43  Starport  
  17  39:37  Marine  
  9  39:40  SCV  
  9  40:00  SCV  
  7  40:42  Marine  
  7  40:43  Marine, SCV  
  8  41:00  Marine x2  
  8  41:18  Marine  
  8  41:45  SCV  
  2  44:08  Marine  
  2  44:09  Hellion, SCV  
  8  44:11  Marine  
  7  44:21  SCV  
  6  44:26  Marine  
  8  44:33  SCV  
  6  44:40  Marine  
  6  44:45  SCV  
Show
View Real Time Build Order
Export as new Build Order

K.I.-3 (Schwer) Protoss 

Build Orders:  

Get SALT Encoding   

  12  0:01  Probe  
  13  0:13  Probe  
  14  0:21  Pylon  
  14  0:25  Probe  
  15  0:35  Probe  
  16  0:43  Probe  
  17  0:50  Assimilator  
  17  0:53  Probe  
  17  0:54  Gateway  
  18  1:01  Probe  
  18  1:03  Pylon  
  19  1:23  Probe  
  20  1:40  Zealot  
  20  1:42  Cybernetics Core  
  20  1:45  Gateway  
  22  1:49  Assimilator  
  22  2:03  Pylon  
  22  2:13  Stalker  
  22  2:18  Warp Gate  
  24  2:32  Zealot  
  26  2:42  Adept  
  28  2:55  Pylon  
  28  2:59  Adept  
  28  3:03  Adept  
  30  3:08  Probe  
  33  3:20  Probe  
  33  3:22  Pylon  
  34  3:29  Adept  
  34  3:32  Probe  
  34  3:33  Adept  
  39  3:40  Forge  
  39  3:44  Probe  
  40  3:54  Adept  
  40  3:56  Probe  
  43  4:09  Probe  
  44  4:11  Adept  
  46  4:55  Protoss Ground Weapons Level 1  
  46  5:05  Sentry  
  48  5:08  Gateway  
  48  5:13  Pylon  
  48  5:15  Photon Cannon, Sentry  
  48  5:21  Photon Cannon  
  50  5:25  Zealot  
  52  5:34  Robotics Facility  
  52  5:37  Pylon  
  52  5:38  Stalker  
  54  5:47  Sentry  
  54  6:00  Stalker  
  54  6:01  Pylon  
  54  6:03  Stargate  
  52  6:10  Sentry  
  54  6:15  Forge  
  54  6:19  Zealot  
  54  6:22  Observer  
  54  6:24  Twilight Council  
  57  6:27  Nexus  
  57  6:36  Protoss Ground Armor Level 1  
  57  6:43  Observer  
  58  7:01  Zealot  
  54  7:13  Stalker  
  54  7:40  Probe  
  54  7:41  Probe  
  56  7:47  Assimilator  
  56  7:51  Zealot, Pylon  
  56  7:52  Pylon, Probe  
  56  7:53  Probe  
  56  7:54  Assimilator  
  58  8:04  Probe  
  59  8:06  Probe, Adept  
  59  8:12  Photon Cannon  
  58  8:15  Photon Cannon, Adept  
  58  8:16  Probe  
  58  8:18  Probe  
  62  8:24  Probe  
  61  8:30  Probe  
  61  8:32  Probe  
  64  8:42  Probe x2  
  66  8:54  Probe  
  67  9:13  Warp Prism, Gateway  
  67  9:17  Robotics Bay  
  67  9:19  Templar Archives  
  69  9:25  Robotics Facility  
  69  9:35  Stargate  
  69  9:39  Nexus  
  69  9:41  Warp Prism  
  71  9:55  High Templar  
  73  10:06  High Templar  
  75  10:09  Stalker x2  
  75  10:12  Observer  
  76  10:14  Protoss Ground Weapons Level 2  
  76  10:17  Warp Prism  
  76  10:18  Archon  
  76  10:19  High Templar  
  80  10:25  Protoss Ground Armor Level 2  
  80  10:26  Disruptor  
  83  10:39  High Templar  
  79  10:52  Disruptor  
  79  10:53  Probe  
  79  10:54  Probe  
  79  10:56  Probe  
  83  11:00  Sentry  
  83  11:02  Observer  
  78  11:05  Probe  
  78  11:07  Probe  
  78  11:08  Probe  
  78  11:10  Stalker  
  84  11:17  Probe  
  84  11:18  Assimilator  
  85  11:20  Archon, Probe  
  85  11:21  Assimilator, Probe, High Templar  
  89  11:29  Probe  
  89  11:32  High Templar  
  86  11:34  Probe x2  
  82  11:41  Probe  
  82  11:42  Zealot  
  82  11:46  Probe  
  86  11:48  Probe  
  86  11:52  Stalker  
  86  11:53  Probe  
  90  11:58  Probe  
  90  12:00  Probe  
  92  12:05  Probe  
  93  12:10  Probe  
  93  12:12  Probe  
  95  12:18  Archon, High Templar  
  97  12:29  High Templar  
  99  12:36  Gravitic Boosters  
  99  12:45  Protoss Shields Level 1  
  99  12:49  Zealot  
  101  12:52  Adept  
  101  12:53  Void Ray  
  101  12:55  Zealot, Pylon  
  105  13:02  Stalker  
  111  13:09  Zealot  
  111  13:13  Stalker  
  111  13:16  Zealot  
  111  13:19  Pylon  
  105  13:22  Fleet Beacon, Void Ray  
  105  13:23  Sentry  
  105  13:26  Sentry  
  98  13:30  Void Ray  
  102  13:36  Stalker, Gravitic Drive  
  102  13:39  Stalker  
  110  13:46  Stalker, Protoss Air Weapons Level 1  
  112  13:49  Zealot  
  114  13:56  Protoss Ground Weapons Level 3, Adept  
  114  13:57  Psionic Storm  
  116  14:24  Nexus  
  116  14:46  Protoss Ground Armor Level 3  
  116  15:47  Protoss Air Armor Level 1  
  116  15:56  Assimilator  
  114  15:57  Stalker  
  114  16:00  Zealot  
  114  16:03  Observer  
  104  16:04  Zealot  
  104  16:08  Zealot, Pylon, Void Ray  
  79  16:12  Pylon  
  79  16:14  Assimilator  
  79  16:17  Sentry  
  81  16:24  Stalker  
  87  16:28  Stalker  
  87  16:32  Stalker  
  91  16:34  Void Ray  
  91  16:35  Sentry  
  97  16:44  Protoss Shields Level 2  
  97  16:47  Adept  
  97  16:51  Zealot  
  101  16:55  Zealot  
  101  16:56  Void Ray  
  101  16:58  Adept  
  109  17:15  Protoss Air Weapons Level 2  
  109  17:16  Dark Shrine  
  109  18:36  Immortal  
  113  18:52  Protoss Shields Level 3  
  113  19:09  Nexus  
  113  19:21  Protoss Air Armor Level 2  
  112  20:49  Blink  
  112  20:57  Nexus  
  112  21:05  Void Ray  
  112  21:07  Stalker  
  114  21:15  Immortal  
  122  21:19  Immortal  
  122  21:24  Stalker  
  122  21:27  Stalker  
  122  21:28  Protoss Air Weapons Level 3  
  122  21:31  Stalker  
  118  21:35  Stalker  
  112  21:49  Sentry  
  112  21:53  Observer  
  114  21:59  Observer  
  114  22:01  Immortal  
  116  22:11  Probe  
  121  23:26  Probe  
  107  23:28  Probe  
  107  23:29  Probe  
  107  23:31  Probe  
  104  23:38  Probe  
  104  23:40  Probe  
  105  23:42  Probe  
  105  23:43  Probe  
  105  23:47  Protoss Air Armor Level 3  
  107  23:50  Probe  
  107  23:52  Probe  
  107  23:54  Probe x2  
  107  24:02  Probe  
  107  24:04  Probe  
  107  24:06  Probe  
  107  24:07  Probe  
  110  24:33  High Templar  
  110  24:35  Nexus  
  112  24:39  High Templar  
  114  24:59  Archon  
  114  25:00  High Templar  
  114  25:05  High Templar  
  118  25:09  Observer  
  118  25:20  Archon  
  118  25:21  High Templar  
  118  25:25  Void Ray  
  118  25:26  High Templar  
  122  25:43  Archon, High Templar  
  122  25:48  High Templar  
  126  26:05  Archon  
  126  26:06  High Templar  
  126  26:10  Pylon  
  128  26:11  High Templar  
  128  26:12  Pylon  
  130  26:19  Nexus  
  125  26:41  Observer  
  125  26:43  Photon Cannon  
  125  26:46  Void Ray  
  121  26:48  Stalker  
  121  26:52  Void Ray  
  119  26:55  Probe  
  119  26:56  Immortal  
  119  26:57  Probe  
  119  26:59  Probe  
  119  27:00  Probe  
  127  27:07  Stalker  
  127  27:08  Probe  
  128  27:09  Probe  
  128  27:10  Stalker  
  128  27:15  Stalker  
  115  27:17  Void Ray  
  115  27:19  Stalker  
  105  27:28  Stalker, Pylon  
  101  27:33  Sentry  
  103  27:38  High Templar  
  105  27:44  High Templar  
  105  27:45  Probe  
  107  27:55  Sentry  
  107  27:56  Colossus  
  107  27:57  Phoenix  
  111  28:11  Nexus  
  111  28:12  Tempest  
  117  28:14  Pylon  
  122  28:26  Archon, Dark Templar  
  124  30:30  Void Ray  
  124  30:34  Sentry  
  116  30:40  Sentry  
  100  30:51  Zealot  
  100  30:56  Stalker  
  104  31:02  Zealot  
  106  31:08  Stalker  
  108  31:14  Stalker  
  110  31:20  Stalker  
  112  31:26  Adept  
  112  31:32  Zealot  
  116  31:36  Phoenix  
  116  31:38  Zealot  
  120  32:00  Zealot  
  120  32:09  Stalker  
  120  32:13  Adept  
  106  32:17  Zealot  
  106  32:21  Sentry  
  104  32:32  Zealot  
  104  32:36  Zealot  
  108  32:39  Sentry  
  108  32:43  Zealot  
  112  32:52  Stalker  
  112  32:56  Stalker  
  116  33:23  Stalker  
  116  33:27  Sentry  
  112  33:31  Zealot  
  91  33:34  Zealot  
  91  33:40  Immortal  
  93  33:46  Stalker  
  93  33:50  Adept  
  93  33:54  Zealot  
  93  33:58  Zealot  
  91  34:05  Zealot  
  89  35:04  Dark Templar  
  91  35:10  High Templar  
  93  35:16  High Templar  
  95  35:22  Dark Templar  
  95  35:25  Probe  
  97  35:29  Archon, High Templar  
  99  35:43  Dark Templar  
  99  35:44  Archon  
  99  35:49  High Templar  
  103  35:55  Dark Templar  
  105  36:01  Archon, High Templar  
  107  36:07  Dark Templar  
  109  36:13  Archon  
  109  36:19  High Templar  
  109  36:21  Probe, Void Ray  
  109  36:22  Probe  
  109  36:23  Stalker  
  109  36:24  Probe  
  112  36:31  Immortal  
  106  36:33  Probe  
  106  36:34  Probe  
  106  36:36  Dark Templar, Probe  
  111  36:41  Probe  
  112  36:47  Probe  
  112  36:48  Probe  
  112  36:49  Probe  
  112  36:53  Pylon  
  113  36:59  Probe  
  113  37:01  Nexus  
  104  37:02  Zealot  
  104  37:05  Pylon  
  104  37:08  Zealot  
  100  37:14  Zealot  
  88  37:19  Pylon  
  88  37:21  Zealot, Void Ray  
  75  37:25  Photon Cannon  
  75  37:29  Photon Cannon, Probe  
  67  37:32  Sentry  
  67  37:36  Void Ray  
  69  37:38  Stalker  
  69  37:40  Probe x2  
  69  37:43  Probe  
  75  37:46  Immortal  
  75  37:49  Pylon, Probe  
  79  37:52  Stalker, Probe  
  79  37:54  Probe  
  79  37:56  Stalker  
  86  38:02  Adept  
  88  38:06  Pylon  
  88  38:10  Pylon  
  87  38:28  Pylon  
  87  38:33  Photon Cannon  
  84  38:35  Zealot  
  84  38:36  Photon Cannon  
  84  38:38  Assimilator  
  86  38:42  Assimilator  
  86  39:00  Probe  
  87  39:04  Probe  
  87  39:06  Probe  
  87  39:08  Probe  
  90  39:14  Stalker, Probe  
  90  39:15  Probe  
  90  39:16  Probe  
  93  39:22  Probe  
  93  39:23  Probe  
  85  39:28  Probe  
  85  39:32  Probe x2  
  87  39:40  Probe  
  87  39:43  Probe  
  87  39:45  Probe  
  90  39:55  Probe  
  89  40:42  Probe  
  89  40:45  Probe  
  89  40:50  Pylon  
  89  40:55  Pylon  
  89  41:00  Pylon  
  84  41:09  Pylon  
  84  41:14  Probe  
  84  41:36  Pylon  
  65  41:55  Pylon  
  60  42:04  Pylon  
  52  42:15  Pylon  
  47  43:03  Probe  
  41  43:11  Probe  
  17  43:15  Pylon  
  17  43:19  Probe  
  18  43:22  Pylon  
  15  43:39  Pylon  
Show
View Real Time Build Order
Export as new Build Order

TheosRee Zerg - Winner!

Build Orders: Pool First 

Get SALT Encoding   

  12  0:00  Drone  
  13  0:13  Overlord  
  13  0:17  Drone  
  14  0:31  Drone x2  
  16  0:40  Drone  
  17  0:46  Spawning Pool  
  17  0:49  Drone  
  17  0:56  Drone  
  18  0:59  Extractor  
  17  1:09  Drone  
  18  1:19  Extractor  
  18  1:21  Drone  
  18  1:30  Drone  
  19  1:39  Queen  
  21  1:43  Drone  
  22  1:53  Roach Warren  
  21  1:55  Drone  
  22  2:08  Overlord  
  22  2:22  Hatchery  
  21  2:23  Drone  
  21  2:27  Drone  
  23  2:37  Drone  
  24  2:38  Lair  
  24  2:46  Drone  
  25  3:00  Evolution Chamber  
  25  3:01  Drone x3  
  27  3:09  Drone  
  28  3:23  Drone  
  29  3:36  Drone  
  29  3:37  Queen  
  29  3:39  Extractor  
  29  3:41  Drone x5  
  33  3:47  Spire  
  35  4:07  Extractor  
  35  4:09  Drone x2  
  36  4:10  Overlord  
  36  4:24  Overlord x2  
  36  4:28  Queen  
  36  4:29  Infestation Pit  
  37  4:46  Drone x3  
  37  4:48  Drone x3  
  43  5:00  Zergling x2  
  43  5:07  Mutalisk x6  
  44  5:10  Mutalisk  
  58  5:18  Hive  
  58  5:19  Zerg Flyer Weapons Level 1  
  58  5:29  Drone x2  
  58  5:33  Overlord x2  
  58  5:34  Overlord  
  43  6:15  Mutalisk x6  
  53  6:21  Drone x4  
  44  7:14  Greater Spire  
  44  7:21  Mutalisk x3  
  49  7:35  Overlord x3  
  49  8:14  Extractor  
  48  8:26  Hatchery  
  47  8:28  Mutalisk x4  
  55  8:40  Extractor  
  54  9:14  Mutalisk x2  
  54  9:15  Overlord x4  
  58  9:25  Queen  
  58  9:29  Zerg Flyer Weapons Level 2  
  60  9:44  Drone  
  57  10:00  Queen  
  57  10:03  Corruptor x3  
  65  10:20  Nydus Network  
  64  10:29  Hatchery  
  55  10:51  Brood Lord x2  
  37  11:30  Brood Lord  
  39  11:53  Extractor  
  38  11:55  Extractor  
  38  11:56  Hatchery  
  38  12:01  Queen  
  36  12:02  Drone x2  
  36  12:06  Drone  
  41  12:16  Zerg Flyer Weapons Level 3  
  41  12:21  Zerg Ground Armor Level 1  
  41  12:28  Drone x2  
  43  12:32  Extractor  
  43  12:35  Extractor  
  41  12:39  Drone x3  
  44  12:44  Nydus Canal  
  44  12:50  Drone x2  
  46  13:20  Drone x2  
  48  13:34  Mutalisk x3  
  48  13:40  Queen  
  54  14:01  Drone x6  
  60  14:17  Drone x6  
  66  14:40  Burrow  
  66  14:42  Corruptor x3  
  72  14:51  Drone x6  
  78  14:59  Drone x5  
  83  15:30  Hatchery  
  83  15:35  Queen  
  84  15:41  Corruptor x4  
  92  15:44  Brood Lord x3  
  92  15:45  Corruptor  
  92  15:49  Mutalisk x3  
  100  15:50  Mutalisk x2  
  94  17:06  Drone x3  
  97  17:08  Queen  
  99  17:20  Drone x12  
  111  17:25  Extractor  
  111  17:27  Extractor  
  109  17:38  Metabolic Boost  
  109  17:46  Drone x3  
  109  17:48  Queen  
  114  18:12  Mutalisk x7  
  128  18:57  Adrenal Glands  
  128  19:06  Mutalisk x10  
  148  19:39  Corruptor x2  
  152  19:48  Overlord x6  
  152  20:19  Nydus Canal  
  86  22:14  Corruptor x5  
  96  22:17  Corruptor x6  
  108  22:32  Corruptor x6  
  120  22:48  Spore Crawler  
  119  23:00  Zerg Ground Armor Level 2  
  119  23:02  Zerg Flyer Armor Level 1  
  119  23:07  Spore Crawler  
  108  23:57  Corruptor x3  
  108  23:59  Queen  
  108  24:01  Corruptor x5  
  124  25:06  Corruptor  
  124  25:07  Corruptor x5  
  124  25:10  Mutalisk x5  
  124  25:14  Brood Lord x13  
  172  25:25  Drone x3  
  175  25:34  Spore Crawler x2  
  173  25:35  Spore Crawler  
  172  25:47  Spore Crawler  
  172  25:48  Spore Crawler  
  172  25:49  Spore Crawler  
  169  25:51  Spore Crawler  
  169  25:52  Spore Crawler x2  
  166  26:06  Spore Crawler  
  166  26:10  Spine Crawler  
  164  26:17  Spore Crawler  
  163  26:20  Spine Crawler  
  114  28:15  Spine Crawler  
  114  28:17  Spore Crawler  
  114  28:19  Spine Crawler  
  111  28:23  Spine Crawler  
  111  28:24  Spine Crawler  
  109  28:44  Queen  
  111  29:10  Zergling x6  
  114  29:18  Zergling x6  
  117  29:30  Infestation Pit  
  116  29:32  Zergling x2  
  116  29:34  Zergling x2  
  116  29:38  Zerg Ground Armor Level 3  
  118  29:50  Nydus Canal  
  118  30:05  Zergling x8  
  122  30:13  Zergling x6  
  125  30:16  Zergling x14  
  132  30:27  Infestor x5  
  142  30:33  Zerg Flyer Armor Level 2  
  142  30:42  Evolution Chamber  
  141  30:46  Baneling Nest  
  141  30:47  Lair  
  141  30:49  Pneumatized Carapace  
  140  30:53  Zergling x10  
  145  30:58  Zergling x10  
  150  32:10  Zergling x42  
  150  32:15  Zerg Melee Weapons Level 1  
  102  33:44  Drone x29  
  87  34:12  Hydralisk Den  
  87  34:14  Nydus Network, Ultralisk Cavern  
  76  34:27  Zergling x12  
  82  34:38  Zergling x28  
  96  34:41  Zerg Melee Weapons Level 2  
  96  34:50  Neural Parasite  
  96  34:54  Pathogen Glands  
  96  35:10  Zergling x10  
  101  35:15  Zergling x10  
  106  35:33  Zergling x10  
  111  35:37  Zergling x6  
  114  35:57  Zerg Flyer Armor Level 3  
  61  37:45  Zergling x54  
  77  38:33  Zergling x48  
  60  42:24  Zergling x24  
  72  42:53  Zergling x16  
  80  43:09  Zergling x24  
  91  44:15  Zergling x44  
Show
View Real Time Build Order
Export as new Build Order

ShadowLord Zerg - Winner!

Build Orders: Pool First 

Get SALT Encoding   

  12  0:00  Drone  
  13  0:08  Drone  
  14  0:20  Overlord  
  14  0:39  Spawning Pool, Drone  
  14  0:42  Drone  
  15  0:45  Drone  
  16  0:54  Drone  
  17  0:59  Evolution Chamber  
  17  1:03  Drone  
  17  1:07  Extractor  
  17  1:08  Extractor  
  15  1:17  Drone  
  16  1:23  Drone  
  17  1:26  Queen  
  19  1:35  Drone  
  20  1:45  Drone  
  21  1:51  Metabolic Boost  
  21  1:56  Drone  
  22  2:10  Overlord  
  22  2:17  Lair  
  22  2:27  Roach Warren  
  22  2:28  Drone x2  
  23  2:38  Drone x2  
  23  2:39  Drone  
  26  3:23  Burrow  
  26  3:33  Hydralisk Den  
  25  3:35  Zerg Melee Weapons Level 1  
  25  3:36  Glial Reconstitution  
  25  3:40  Drone x3  
  27  4:10  Hatchery  
  26  4:21  Infestation Pit  
  25  4:31  Drone, Spore Crawler  
  25  4:47  Spire, Drone x3  
  25  4:48  Drone x3  
  30  4:54  Overlord x2, Tunneling Claws  
  30  5:23  Drone  
  30  5:24  Queen  
  33  5:34  Hive  
  33  5:39  Zerg Missile Weapons Level 1  
  33  5:50  Drone x2  
  35  6:05  Zerg Flyer Weapons Level 1  
  35  6:07  Grooved Spines  
  35  6:13  Drone  
  35  6:14  Drone x5  
  35  6:15  Drone x3  
  44  6:20  Extractor  
  44  6:21  Extractor  
  44  6:25  Evolution Chamber  
  41  6:32  Zergling x2  
  42  6:33  Zergling x2  
  42  6:34  Zergling x4  
  45  6:51  Zergling x12  
  45  7:02  Drone  
  46  7:14  Zergling x10  
  45  7:21  Queen  
  47  7:24  Mutalisk x2  
  51  7:32  Overlord x4  
  46  7:38  Mutalisk x3  
  52  7:47  Muscular Augments  
  52  7:49  Zerg Ground Armor Level 1  
  52  7:59  Zerg Flyer Armor Level 1  
  52  8:02  Spore Crawler  
  51  8:14  Spore Crawler  
  51  8:15  Mutalisk x3  
  56  8:28  Drone  
  56  8:29  Drone x2  
  59  9:03  Hatchery  
  59  9:04  Extractor  
  57  9:19  Mutalisk x3  
  57  9:23  Zerg Melee Weapons Level 2  
  63  9:30  Adrenal Glands  
  63  9:42  Zerg Missile Weapons Level 2  
  63  10:15  Drone  
  63  10:17  Queen  
  39  11:07  Zergling x16  
  49  11:12  Mutalisk  
  49  11:13  Mutalisk x7  
  49  11:16  Zerg Flyer Weapons Level 2  
  53  11:29  Ultralisk Cavern  
  44  11:38  Hatchery  
  43  11:40  Extractor  
  42  11:57  Drone  
  42  11:58  Drone x2  
  45  12:07  Mutalisk x2  
  49  12:26  Drone x2  
  51  12:30  Extractor  
  50  12:40  Anabolic Synthesis  
  50  12:51  Overlord x4  
  50  12:52  Overlord x4  
  50  12:53  Overlord  
  50  13:02  Drone  
  50  13:03  Drone  
  52  13:09  Queen  
  54  13:22  Chitinous Plating  
  47  14:02  Drone  
  47  14:03  Drone x2  
  47  14:06  Drone x9  
  58  14:12  Drone x5  
  63  14:17  Drone  
  63  14:21  Drone  
  65  14:51  Zergling x10  
  70  14:59  Zergling x12  
  76  15:10  Zergling x10  
  81  15:57  Greater Spire  
  81  16:04  Zerg Ground Armor Level 2  
  81  16:05  Spire, Zerg Melee Weapons Level 3  
  80  16:23  Mutalisk, Spore Crawler  
  80  16:24  Mutalisk x9  
  99  16:30  Queen  
  99  16:32  Mutalisk x6  
  101  18:02  Mutalisk x6  
  105  18:09  Mutalisk  
  105  18:10  Mutalisk x2  
  111  18:31  Mutalisk x2  
  111  18:32  Mutalisk  
  117  18:43  Zerg Missile Weapons Level 3  
  117  18:53  Zerg Flyer Armor Level 2  
  113  19:13  Drone x16  
  113  19:14  Drone x5  
  110  19:35  Queen  
  110  19:36  Mutalisk  
  114  19:40  Zerg Flyer Weapons Level 3  
  102  20:36  Zerg Ground Armor Level 3  
  92  21:34  Mutalisk  
  92  21:35  Mutalisk x5  
  104  21:43  Mutalisk x4  
  104  21:44  Mutalisk x3  
  118  22:10  Spore Crawler  
  117  22:23  Zerg Flyer Armor Level 3  
  117  22:24  Mutalisk  
  119  22:30  Mutalisk  
  121  22:54  Extractor  
  121  22:55  Hatchery  
  119  22:59  Extractor  
  91  27:18  Extractor  
  91  27:19  Extractor  
  89  28:00  Hatchery  
  88  28:11  Mutalisk x9  
  88  28:12  Mutalisk x5  
  116  28:25  Mutalisk  
  116  28:26  Mutalisk x3  
  124  29:11  Queen  
  124  29:14  Drone  
  127  29:55  Drone  
  128  30:06  Nydus Network  
  127  30:17  Nydus Network  
  124  31:03  Hydralisk x3  
  130  31:17  Zergling x2  
  130  31:18  Zergling x30  
  136  31:19  Zergling x2  
  147  31:32  Hydralisk  
  147  31:33  Hydralisk x4  
  157  32:04  Spore Crawler  
  156  32:08  Spore Crawler  
  155  32:21  Hydralisk x4  
  155  32:22  Hydralisk  
  165  32:50  Overlord  
  165  32:51  Overlord x4  
  168  33:09  Overseer  
  168  33:11  Overseer  
  168  33:50  Zergling x2  
  168  33:51  Zergling x6  
  172  34:00  Nydus Canal  
  172  34:03  Zergling x2  
  172  34:04  Zergling x36  
  172  34:09  Zergling x4  
  196  34:10  Zergling x14  
  196  34:13  Lurker Den  
  195  36:19  Mutalisk  
  195  36:20  Mutalisk  
  199  36:33  Adaptive Talons  
  165  37:30  Seismic Spines  
  146  38:37  Hatchery  
  131  40:10  Nydus Canal  
  131  40:34  Mutalisk  
  131  40:35  Mutalisk x3  
  104  42:28  Mutalisk  
  104  42:29  Mutalisk x4  
  114  42:35  Queen  
  116  42:47  Extractor  
  116  42:48  Roach x3  
  73  44:03  Nydus Canal  
  73  44:05  Zergling x6  
  73  44:06  Zergling x20  
  86  44:22  Nydus Canal  
  86  44:23  Zergling x2  
  88  44:24  Zergling x4  
Show
View Real Time Build Order
Export as new Build Order

KingofKill Protoss - Winner!

Build Orders: Double Forge, Blink Stalkers 

Get SALT Encoding   

  12  0:00  Probe  
  13  0:12  Probe  
  14  0:19  Pylon  
  14  0:24  Probe  
  15  0:37  Probe (Chrono Boost)  
  15  0:39  Gateway  
  16  0:49  Probe (Chrono Boost)  
  17  0:56  Assimilator  
  17  0:57  Probe (Chrono Boost)  
  18  1:04  Probe (Chrono Boost)  
  19  1:12  Forge  
  19  1:15  Probe (Chrono Boost)  
  20  1:27  Cybernetics Core  
  20  1:29  Zealot  
  22  1:36  Pylon  
  22  1:38  Probe  
  23  1:47  Assimilator  
  23  1:54  Probe  
  24  2:03  Warp Gate  
  24  2:06  Probe  
  25  2:18  Probe  
  26  2:26  Nexus  
  26  2:30  Probe  
  27  2:37  Protoss Shields Level 1  
  27  2:42  Probe (Chrono Boost)  
  28  2:57  Twilight Council  
  28  3:09  Robotics Facility  
  28  3:24  Pylon  
  28  3:34  Blink  
  28  3:41  Gateway  
  28  3:46  Probe (Chrono Boost)  
  28  3:48  Probe (Chrono Boost)  
  31  3:57  Probe (Chrono Boost)  
  31  4:02  Probe (Chrono Boost)  
  32  4:04  Probe (Chrono Boost)  
  32  4:05  Observer  
  32  4:09  Probe x2 (Chrono Boost)  
  35  4:14  Forge  
  36  4:20  Probe  
  36  4:22  Templar Archives  
  37  4:35  Assimilator  
  37  4:38  Warp Prism  
  37  4:39  Assimilator  
  39  4:45  Protoss Ground Weapons Level 1  
  39  4:50  Gateway  
  39  5:19  Protoss Shields Level 2  
  39  5:22  Pylon  
  40  5:29  Probe (Chrono Boost)  
  40  5:30  Probe (Chrono Boost)  
  41  5:42  Stalker x2, Probe (Chrono Boost)  
  47  5:46  Probe (Chrono Boost)  
  47  5:48  Probe (Chrono Boost)  
  46  5:52  Stalker, Probe  
  46  5:56  Probe  
  48  6:08  Probe  
  47  6:15  Stalker x2  
  47  6:16  Stalker  
  55  6:18  Immortal  
  55  6:36  Photon Cannon  
  55  6:39  Stalker x2, Pylon  
  59  6:40  Stalker  
  61  6:48  Charge  
  51  7:08  Stalker  
  51  7:09  Stalker x2  
  45  7:25  Photon Cannon  
  45  7:26  Photon Cannon  
  45  7:28  Pylon  
  45  7:32  Stalker x3  
  46  7:51  Immortal  
  48  8:01  Gateway  
  48  8:02  Gateway  
  48  8:03  Stalker x2  
  52  8:07  Gateway x2  
  52  8:14  Protoss Ground Armor Level 1, Gateway  
  52  8:15  Protoss Shields Level 3  
  52  8:17  Psionic Storm  
  52  8:39  Nexus  
  52  8:41  Stalker x2  
  56  8:49  Assimilator  
  56  8:58  Stalker  
  56  8:59  High Templar  
  60  9:02  Stalker  
  60  9:03  Stalker  
  60  9:07  Zealot  
  66  9:25  Stalker  
  66  10:01  Stalker x2  
  66  10:02  Stalker x3  
  76  10:12  Probe  
  77  10:24  Probe  
  77  10:26  Immortal  
  77  10:27  High Templar  
  83  10:36  Probe  
  51  11:07  Stalker x4  
  51  11:08  Protoss Ground Weapons Level 2 (Chrono Boost)  
  51  11:09  High Templar x3, Protoss Ground Armor Level 2 (Chrono Boost)  
  65  12:00  Stalker x3, Pylon  
  71  12:01  High Templar x3  
  71  12:02  High Templar  
  71  12:03  Immortal  
  83  12:16  Probe (Chrono Boost)  
  84  12:27  Probe (Chrono Boost)  
  84  12:29  Probe (Chrono Boost)  
  86  12:37  Probe x2 (Chrono Boost)  
  88  12:44  Probe (Chrono Boost)  
  89  12:52  Robotics Facility  
  89  12:54  Pylon  
  89  12:55  Photon Cannon  
  89  12:56  Photon Cannon  
  89  12:58  Photon Cannon  
  89  13:00  Photon Cannon x2  
  89  13:08  Pylon  
  78  13:34  Stalker  
  78  13:35  Stalker x5  
  78  13:36  Stalker  
  92  13:42  Immortal  
  92  13:44  Protoss Ground Weapons Level 3  
  92  13:46  Protoss Ground Armor Level 3  
  96  13:50  Observer  
  97  13:58  Robotics Bay  
  89  14:11  Observer  
  76  14:21  Immortal  
  76  14:31  Robotics Facility  
  76  14:33  Robotics Facility  
  76  14:34  High Templar x4  
  84  14:45  Assimilator  
  80  14:54  Archon x2  
  80  14:57  High Templar x2  
  84  15:05  Immortal  
  88  15:26  High Templar  
  90  15:28  Stalker x3  
  90  15:32  Zealot x3  
  102  15:51  Colossus  
  108  16:03  Nexus  
  102  16:16  High Templar x2  
  106  16:18  Zealot  
  106  16:23  Pylon  
  106  16:27  Pylon  
  75  16:51  High Templar x3  
  81  17:05  Assimilator  
  81  17:11  Assimilator  
  81  17:19  High Templar  
  81  17:20  Zealot  
  81  17:21  Zealot x2  
  89  17:39  Immortal x3  
  89  17:40  Nexus  
  102  17:51  Probe  
  100  17:58  Pylon  
  100  18:03  Probe  
  101  18:08  Zealot  
  103  18:14  Zealot x2  
  103  18:15  Zealot, Probe  
  103  18:18  Colossus x3  
  128  18:27  Probe  
  128  18:33  Zealot  
  131  18:35  Stalker x2  
  135  18:49  Probe  
  136  18:56  Probe  
  136  18:57  Photon Cannon  
  136  19:01  Probe  
  96  19:22  Stalker x3  
  102  19:26  High Templar  
  102  19:30  Probe  
  85  19:45  High Templar  
  85  19:46  High Templar x4  
  44  20:06  Immortal  
  48  20:13  Probe (Chrono Boost)  
  50  20:24  Probe (Chrono Boost)  
  50  20:26  Probe (Chrono Boost)  
  53  20:29  Probe (Chrono Boost)  
  53  20:31  Probe (Chrono Boost)  
  53  20:32  Probe (Chrono Boost)  
  54  20:38  Probe (Chrono Boost)  
  54  20:40  Probe (Chrono Boost)  
  54  20:41  Probe (Chrono Boost)  
  57  20:49  High Templar x3  
  66  20:51  Probe x2 (Chrono Boost)  
  66  20:52  Zealot x2, Probe (Chrono Boost)  
  66  20:53  Zealot  
  66  20:55  Immortal, Probe x2 (Chrono Boost)  
  78  21:06  Probe  
  79  21:26  Assimilator  
  79  21:30  Assimilator  
  79  21:31  High Templar  
  79  21:32  High Templar  
  83  21:36  Stalker x3  
  89  22:07  Probe (Chrono Boost)  
  90  22:12  Probe (Chrono Boost)  
  90  22:13  Probe (Chrono Boost)  
  92  22:18  Probe (Chrono Boost)  
  92  22:21  Probe x2 (Chrono Boost)  
  96  22:23  Probe (Chrono Boost)  
  96  22:24  Probe (Chrono Boost)  
  96  22:25  Pylon  
  96  22:27  Pylon  
  97  22:30  Colossus x2  
  97  22:31  Probe  
  110  22:44  Probe  
  111  22:47  Photon Cannon  
  111  22:49  Photon Cannon  
  111  22:52  Photon Cannon  
  111  22:53  Photon Cannon  
  111  22:56  Photon Cannon, Shield Battery  
  111  22:57  Shield Battery  
  111  22:59  Shield Battery  
  111  23:10  Stalker  
  111  23:11  Stalker x3  
  111  23:12  Stalker x3  
  125  23:24  Colossus x2  
  137  23:29  Nexus  
  96  24:04  Stalker x4  
  96  24:05  High Templar x2  
  96  24:06  High Templar  
  92  24:31  Pylon  
  92  24:34  Pylon  
  92  24:35  High Templar x3  
  92  24:36  High Templar  
  98  24:38  Stalker  
  98  24:39  Stalker x2  
  98  24:42  Immortal  
  98  24:43  Immortal  
  112  25:00  Photon Cannon  
  112  25:01  Photon Cannon  
  112  25:02  Photon Cannon  
  112  25:04  Photon Cannon  
  112  25:06  Photon Cannon  
  112  25:07  Photon Cannon  
  112  25:11  Probe (Chrono Boost)  
  113  25:16  High Templar x3  
  113  25:18  Stalker  
  113  25:21  Probe (Chrono Boost)  
  122  25:25  Probe (Chrono Boost)  
  123  25:30  Archon  
  123  25:37  Probe  
  124  25:49  Probe  
  125  26:07  Assimilator  
  125  26:12  Stalker x3, Assimilator  
  125  26:13  Stalker x3  
  125  26:15  Zealot  
  139  26:19  Colossus  
  139  26:20  Immortal  
  149  26:41  Stalker x2  
  149  26:43  Zealot x5  
  163  26:49  Probe  
  164  26:59  Immortal  
  164  27:01  Probe  
  169  27:13  Immortal, Probe  
  174  27:25  Probe  
  175  27:32  High Templar x3  
  175  27:33  High Templar x3  
  175  27:36  Pylon  
  187  27:39  Immortal  
  187  27:43  High Templar  
  193  28:03  Photon Cannon  
  193  28:04  Photon Cannon  
  193  28:08  Photon Cannon  
  193  28:10  Photon Cannon  
  193  28:11  Pylon  
  193  28:24  Stalker x3  
  188  28:47  Photon Cannon  
  188  28:50  Photon Cannon  
  188  28:52  Photon Cannon  
  188  28:54  Photon Cannon  
  188  28:55  Photon Cannon  
  188  29:24  High Templar x2  
  188  29:26  Stalker x4  
  200  29:41  Pylon  
  200  29:42  Pylon  
  200  29:44  Pylon  
  200  29:45  Extended Thermal Lance, Pylon  
  121  30:43  High Templar x6  
  121  30:44  High Templar  
  121  30:49  Colossus x2  
  121  31:25  Gravitic Boosters  
  121  31:43  Colossus x2  
  133  31:48  Pylon  
  133  31:57  Colossus  
  139  32:01  Stalker x3  
  139  32:02  Stalker x3  
  139  32:03  Stalker  
  153  32:36  Colossus x2  
  153  32:39  Stalker x4  
  153  32:40  Stalker x3  
  179  33:00  Immortal  
  171  33:30  Immortal  
  171  33:31  Immortal  
  115  33:38  Stalker x3  
  115  33:39  Stalker x4, Immortal  
  125  34:05  Stalker  
  125  34:09  Stalker x6  
  143  34:10  Immortal  
  143  34:31  Stalker  
  143  34:33  Stalker x5  
  143  34:35  Stalker  
  157  34:56  High Templar  
  159  35:00  High Templar x3  
  159  35:01  High Templar x2  
  159  35:02  High Templar  
  171  35:41  Immortal x3  
  183  36:21  Immortal x2  
  129  38:31  Pylon  
  123  38:50  Stalker x3  
  123  38:51  Stalker x4  
  133  39:18  Stalker  
  133  39:19  Stalker x6  
  147  39:25  Nexus  
  109  39:59  Pylon  
  101  40:17  Assimilator  
  101  40:19  Stalker x2  
  101  40:20  Assimilator, High Templar  
  101  40:21  High Templar x4  
  115  41:16  Pylon  
  78  41:50  Stalker x6  
  78  41:51  Stalker  
  90  41:56  Photon Cannon  
  90  41:58  Photon Cannon  
  86  43:14  Pylon  
  86  43:20  Immortal x2  
  86  43:21  Immortal  
  98  43:32  Zealot  
  98  43:33  Zealot x5  
  110  43:35  Zealot  
  108  43:54  Gateway  
  108  43:58  Gateway  
  108  43:59  Gateway  
  108  44:00  Zealot x5, Immortal  
  108  44:01  Zealot x2  
  122  44:03  Gateway  
  122  44:04  Gateway  
  112  44:22  Zealot x3  
  118  44:26  Zealot  
  114  44:40  Zealot x2  
  114  44:41  Zealot  
  114  44:44  Zealot x3  
  120  44:48  Zealot  
  118  44:58  Zealot x3  
Tags
 
Add a new tag
Caveats
  • Supply blocks, unpowered buildings, or Contaminate may cause inaccurate times.
  • Supply counts are checked every 10 seconds.